Map: Emerald City LE

Players

LoH

  • Race: Protoss Protoss
  • League: Gold
  • Spawn Location: 11:00

Ormando

  • Race: Zerg Zerg
  • League: Diamond
  • Spawn Location: 11:00

Massa - Winner!

  • Race: Terran Terran
  • League: Platinum
  • Spawn Location: 5:00

qqq - Winner!

  • Race: Protoss Protoss
  • League: Platinum
  • Spawn Location: 5:00

VOD

Have the link to the VOD?

Description

Time

  • Played on: Dec. 13, 2020, 4:18 a.m.
  • Length: 2:38
Show
View Real Time Build Order
Export as new Build Order

LoH Protoss 

Build Orders:  

Get SALT Encoding   

  12  0:03  Probe (Chrono Boost)  
  13  0:10  Probe (Chrono Boost)  
  14  0:18  Pylon  
  14  0:21  Probe  
  15  0:36  Probe  
  15  0:37  Gateway  
  16  0:48  Probe  
  17  0:50  Assimilator  
  17  1:02  Probe  
  18  1:14  Probe  
  19  1:26  Probe  
  20  1:49  Probe  
  20  1:54  Assimilator  
  21  2:01  Probe  
  22  2:13  Probe  
  23  2:33  Cybernetics Core  
Show
View Real Time Build Order
Export as new Build Order

Ormando Zerg 

Build Orders: Pool First 

Get SALT Encoding   

  12  0:00  Drone  
  13  0:09  Drone  
  14  0:21  Overlord  
  14  0:40  Drone x3  
  17  0:54  Spawning Pool  
  16  1:00  Drone  
  17  1:25  Hatchery  
  16  1:43  Zergling x2  
  16  1:44  Zergling x4  
  19  2:00  Drone  
  18  2:18  Zergling x4  
Show
View Real Time Build Order
Export as new Build Order

Massa Terran - Winner!

Build Orders:  

Get SALT Encoding   

  12  0:00  SCV  
  13  0:12  SCV  
  14  0:23  Supply Depot  
  14  0:24  SCV  
  15  0:30  Refinery  
  15  0:45  SCV  
  15  0:46  Barracks  
  16  0:57  SCV  
  17  1:09  SCV  
  18  1:21  SCV  
  19  1:33  SCV, Marine  
  19  1:36  Command Center  
  21  1:45  Orbital Command  
  21  1:57  Barracks Tech Lab  
  21  2:06  Supply Depot  
  21  2:10  Refinery  
  21  2:12  SCV  
  22  2:19  Factory  
  22  2:24  SCV  
  22  2:29  Supply Depot  
Show
View Real Time Build Order
Export as new Build Order

qqq Protoss - Winner!

Build Orders: Cannon Rush 

Get SALT Encoding   

  12  0:00  Probe  
  13  0:17  Pylon  
  13  0:19  Probe  
  14  0:31  Probe  
  15  0:43  Probe  
  15  0:44  Forge  
  16  1:05  Pylon  
  16  1:18  Pylon  
  16  1:24  Photon Cannon  
  16  1:26  Pylon  
  16  1:27  Pylon  
  16  1:39  Photon Cannon  
  15  1:50  Photon Cannon  
  15  2:01  Pylon  
  15  2:09  Photon Cannon  
  15  2:25  Pylon  
Tags
 
Add a new tag
Caveats
  • Supply blocks, unpowered buildings, or Contaminate may cause inaccurate times.
  • Supply counts are checked every 10 seconds.